 Dungeon Crawl Stone Soup version 0.23-a0-705-g0e654d2 (webtiles) character file.

9736 zishaf the Blocker (level 11, -3/101 HPs)
             Began as a Hill Orc Monk on Jan 15, 2019.
             Was a Believer of Beogh.
             Slain by a spiny frog (19 damage)
             ... on level 1 of the Lair of Beasts.
             The game lasted 00:29:44 (16310 turns).

zishaf the Blocker (Hill Orc Monk)                 Turns: 16310, Time: 00:29:44

Health: -3/101     AC:  5    Str: 20    XL:     11   Next: 51%
Magic:  14/17      EV: 12    Int: 10    God:    Beogh [**....]
Gold:   635        SH: 13    Dex: 13    Spells: 10/10 levels left

rFire    + + .     SeeInvis +   a - +8 dagger of the Several Wonders {flame, +Blink rPois rF+ Stlth+}
rCold    . . .     Gourm    .   x - +1 shield
rNeg     . . .     Faith    .   C - +1 leather armour "Uceon" {+Fly rF+} (curse)
rPois    +         Spirit   .   (no helmet)
rElec    .         Reflect  .   (no cloak)
rCorr    .         Harm     .   (no gloves)
MR       .....                  (no boots)
Stlth    +++.......             D - amulet of rage
HPRegen  0.26/turn              g - +2 ring of strength
MPRegen  0.15/turn              A - ring of see invisible

@: no status effects
A: no striking features
a: Smiting, Renounce Religion, Evoke Blink, Evoke Berserk Rage, Evoke Flight


You were on level 1 of the Lair of Beasts.
You worshipped Beogh.
Beogh was pleased with you.
You were not hungry.

You visited 2 branches of the dungeon, and saw 11 of its levels.
You also visited: Sewer.

You collected 635 gold pieces.

Inventory:

Hand Weapons
 a - the +8 dagger of the Several Wonders (weapon) {flame, +Blink rPois rF+ Stlth+}
   (You found it on level 5 of the Dungeon)

   It has been specially enchanted to burn those struck by it, causing extra
   injury to most foes and up to half again as much damage against particularly
   susceptible opponents.
   It protects you from fire.
   It protects you from poison.
   It lets you blink.
   It makes you more stealthy.
 b - a +0 hunting sling
 p - a +1 hand axe
 w - a +0 blowgun
Missiles
 o - 327 stones (quivered)
 u - 33 poisoned needles
 E - 54 sling bullets
Armour
 q - a +0 chain mail
 x - a +1 shield (worn)
 C - the cursed +1 leather armour "Uceon" (worn) {+Fly rF+}
   (You found it on level 4 of the Dungeon)

   It protects you from fire.
   It lets you fly.
   It has a curse placed upon it.
Jewellery
 g - a +2 ring of strength (left hand)
 A - a ring of see invisible (right hand)
 D - an amulet of rage (around neck)
 L - an uncursed ring of resist corrosion
 M - an uncursed ring of magical power
 Q - an uncursed ring of positive energy
 S - the amulet of Qiokh {Gourm rF- rN+++ Str+4 Dex-5}
   (You found it on level 10 of the Dungeon)

   [amulet of the gourmand]

   It allows you to eat raw meat even when not hungry.
   It affects your strength (+4).
   It affects your dexterity (-5).
   It makes you vulnerable to fire.
   It renders you almost immune to negative energy.
Wands
 y - a wand of polymorph (6)
 G - a wand of flame (32)
 O - a wand of clouds (4)
Scrolls
 e - 3 scrolls of amnesia
 j - 12 scrolls of remove curse
 l - 13 scrolls of teleportation
 m - 4 scrolls of enchant weapon
 z - a scroll of magic mapping
 B - a scroll of immolation
 I - a scroll of vulnerability
 J - 2 scrolls of enchant armour
 K - a scroll of torment
 N - a scroll of blinking
 P - a scroll of fog
 R - a scroll of summoning {unknown}
Potions
 d - 2 potions of mutation
 f - 3 potions of haste
 h - 3 potions of lignification
 i - a potion of ambrosia
 k - a potion of heal wounds {unknown}
 n - 2 potions of resistance
 r - 2 potions of flight
 s - 8 potions of curing
 t - a potion of cancellation
 v - 2 potions of brilliance
 F - a potion of magic
 H - a potion of agility
Comestibles
 c - 30 rations


   Skills:
 + Level 10.5 Fighting
 - Level 7.1 Axes
 + Level 9.1 Armour
 - Level 3.0 Dodging
 - Level 1.5 Stealth
 + Level 11.0 Shields
 + Level 9.1 Invocations


You had 10 spell levels left.
You didn't know any spells.
Your spell library contained the following spells:

 Spells                   Type           Power        Failure   Level  Hunger
 Summon Small Mammal      Summ           #...         58%         1    ##.....
 Call Imp                 Summ           #.......     73%         2    ###....
 Call Canine Familiar     Summ           #.......     91%         3    ####...
 Summon Guardian Golem    Hex/Summ       #.......     91%         3    ####...
 Summon Ice Beast         Ice/Summ       #.......     100%        4    #####..
 Summon Lightning Spire   Summ/Air       #.......     100%        4    #####..


Dungeon Overview and Level Annotations

Branches:
Dungeon (10/15)            Temple (0/1) D:7            Lair (1/6) D:9
    Orc: D:9-12

Altars:
Cheibriados
Dithmenos
Fedhas
Vehumet
Wu Jian
The Shining One

Shops:
D:7 *:!?(

Annotations:
D:9 3 runed doors


Message History

You hit the spiny frog but do no damage.
The spiny frog is moderately wounded.
You block the spiny frog's attack.
You hit the spiny frog. You burn the spiny frog.
The spiny frog is heavily wounded.
You block the spiny frog's attack.
You hit the spiny frog. You burn the spiny frog.
The spiny frog is severely wounded.
The spiny frog closely misses you.
You hit the spiny frog. You burn the spiny frog.
The spiny frog is almost dead.
The spiny frog stings you! The spiny frog stings you!!
* * * LOW HITPOINT WARNING * * *
You hit the spiny frog. You burn the spiny frog.
The spiny frog is almost dead.
The spiny frog misses you.
You barely miss the spiny frog.
The spiny frog is almost dead.
The spiny frog stings you!!
You die...

#.....#......##..# #########.##
#.....##.....##..##### ####..P#
.......####.###..##P.###P###.##
......P.##..###.........).....#
.............................##
............(................#
.............................#
...........).................#
.......###.##.PF@...####P.#...#
.+.....#......#...........#...#
.#.....#......#(....#.....#..##
.#.............(....# ..
.......#........(.....
.#.....#......#(.......
.#............#......≈≈P
.#...................≈≈P
........≈.≈


You could see a spiny frog.

Vanquished Creatures
  3 two-headed ogres (D:10)
  Sonja (Lair:1)
  An unseen horror (D:10)
  11 yaks
  A human (D:7)
  2 hungry ghosts
  A basilisk (D:9)
  3 hogs (D:7)
  3 porcupines (Lair:1)
  The ghost of Dittersdorf the Sneak, an amateur KoEn (D:3)
  Purgy (Sewer)
  A water moccasin (Lair:1)
  2 sky beasts
  An ice beast (D:7)
  A phantom (D:5)
  2 centaurs
  3 ogres
  5 crocodiles
  Blork the orc (D:4)
  3 bullfrogs
  2 big kobolds
  3 scorpions
  6 killer bees
  5 electric eels (D:9)
  A howler monkey (D:8)
  6 crimson imps
  A bullfrog zombie (D:4)
  A centaur zombie (D:10)
  A centaur skeleton (D:3)
  11 hounds
  3 bullfrog skeletons
  7 orc wizards
  An iguana (D:6)
  5 worker ants
  A hound zombie (D:4)
  2 hound skeletons (D:4)
  2 worker ant zombies
  2 howler monkey zombies
  4 gnolls (D:6)
  A howler monkey skeleton (D:3)
  10 adders
  3 shadow imps
  An ooze (D:2)
  An adder zombie (D:4)
  5 worms
  2 dart slugs
  6 leopard geckos
  20 orcs
  4 ball pythons
  8 giant cockroaches
  4 goblins (D:3)
  10 hobgoblins
  8 jackals
  5 quokkas
  8 bats
  6 frilled lizards
  18 kobolds
  A leopard gecko skeleton (D:4)
  A leopard gecko zombie (D:7)
  A quokka skeleton (D:3)
  2 quokka zombies
  13 rats
  A withered plant (D:4)
250 creatures vanquished.

Vanquished Creatures (collateral kills)
  An ogre (D:9)
1 creature vanquished.

Vanquished Creatures (others)
  An orc wizard (D:9)
  3 orcs (D:9)
  2 kobolds (D:9)
  9 plants (D:9)
15 creatures vanquished.

Grand Total: 266 creatures vanquished

Notes
Turn   | Place    | Note
-------+----------+-------------------------------------------
     0 | D:1      | zishaf the Hill Orc Monk began the quest for the Orb.
     0 | D:1      | Reached XP level 1. HP: 19/19 MP: 1/1
   307 | D:1      | Reached XP level 2. HP: 27/27 MP: 2/2
   553 | D:1      | Reached skill level 1 in Armour
   903 | D:1      | Reached XP level 3. HP: 33/33 MP: 3/3
  1761 | D:2      | Reached XP level 4. HP: 39/40 MP: 4/4
  2505 | D:3      | Found a glowing drain.
  2530 | D:3      | Reached skill level 5 in Axes
  2542 | Sewer    | Entered a sewer
  2730 | Sewer    | Noticed Purgy
  2776 | Sewer    | Killed Purgy
  2776 | Sewer    | Reached skill level 5 in Fighting
  2776 | Sewer    | Reached XP level 5. HP: 25/48 MP: 5/5
  2988 | D:3      | Found a glowing golden altar of the Shining One.
  2988 | D:3      | Found a snail-covered altar of Cheibriados.
  3025 | D:3      | Reached XP level 6. HP: 52/56 MP: 6/6
  3069 | D:3      | Found a runed gate.
  3070 | D:3      | Found a runed gate.
  3112 | D:3      | Found a runed gate.
  3296 | D:3      | Noticed Dittersdorf's ghost (amateur KoEn)
  3747 | D:4      | Reached skill level 1 in Shields
  4032 | D:4      | Noticed Blork the orc
  4046 | D:4      | Killed Blork the orc
  4046 | D:4      | Reached skill level 2 in Shields
  4046 | D:4      | Reached XP level 7. HP: 62/62 MP: 7/7
  4517 | D:4      | Found a shadowy altar of Dithmenos.
  4538 | D:4      | Got a slimy leather armour
  4549 | D:4      | Identified the +0 leather armour of the Unseen Realm
                  | {Stlth+} (You found it on level 4 of the Dungeon)
  4714 | D:4      | Got an ancient leather armour
  4725 | D:4      | Identified the cursed +1 leather armour "Uceon" {+Fly rF+}
                  | (You found it on level 4 of the Dungeon)
  5161 | D:4      | Reached skill level 3 in Shields
  5387 | D:5      | Entered Level 5 of the Dungeon
  5533 | D:5      | Became a worshipper of Beogh the Brigand
  5533 | D:5      | Reached * piety under Beogh
  5533 | D:5      | Reached ** piety under Beogh
  5537 | D:5      | Got an ancient dagger
  5538 | D:5      | Identified the +8 dagger of the Several Wonders {flame,
                  | +Blink rPois rF+ Stlth+} (You found it on level 5 of the
                  | Dungeon)
  5592 | D:5      | Reached XP level 8. HP: 49/71 MP: 8/8
  5619 | D:5      | Reached skill level 1 in Invocations
  6011 | D:5      | Reached skill level 5 in Armour
  6011 | D:5      | Reached skill level 4 in Shields
  7072 | D:6      | Reached skill level 5 in Shields
  7309 | D:7      | Found a staircase to the Ecumenical Temple.
  7566 | D:7      | Found Yrphomm's Book Boutique.
  7578 | D:7      | Reached XP level 9. HP: 73/79 MP: 11/11
  7645 | D:7      | Reached skill level 6 in Shields
  7894 | D:7      | Reached skill level 5 in Invocations
  8047 | D:7      | Reached skill level 7 in Shields
  8374 | D:7      | Found Heetitt's General Store.
  8458 | D:7      | Found Vaisor Wuwna's Distillery.
  8611 | D:7      | Reached *** piety under Beogh
  8642 | D:7      | Found Meaxku's Magic Scroll Shop.
  8692 | D:7      | Found Owotokhlo's Weapon Boutique.
  8810 | D:7      | Found an ornate altar of the Wu Jian Council.
  9674 | D:9      | Found a blossoming altar of Fedhas.
  9679 | D:9      | Reached skill level 8 in Shields
  9679 | D:9      | Reached XP level 10. HP: 90/90 MP: 14/14
  9690 | D:9      | Noticed a death yak
 10185 | D:9      | Noticed an elephant
 10412 | D:9      | Reached **** piety under Beogh
 10867 | D:9      | Found a staircase to the Lair.
 11608 | D:9      | Reached skill level 9 in Shields
 12006 | D:9      | HP: 1/91 [yak (9)]
 12757 | D:9      | Found a runed gate.
 12757 | D:9      | Found a runed gate.
 12759 | D:9      | Found a runed gate.
 12760 | D:9      | Noticed a purple ugly thing
 12763 | D:9      | Noticed a purple ugly thing
 12769 | D:9      | Noticed a purple ugly thing
 12769 | D:9      | Noticed a brown ugly thing
 13043 | D:3      | Killed Dittersdorf's ghost
 13837 | D:10     | Entered Level 10 of the Dungeon
 13837 | D:10     | Noticed a two-headed ogre
 13848 | D:10     | Killed a two-headed ogre
 13857 | D:10     | Got a slimy platinum amulet
 13859 | D:10     | Identified the amulet of Qiokh {Gourm rF- rN+++ Str+4
                  | Dex-5} (You found it on level 10 of the Dungeon)
 14205 | D:10     | Reached skill level 10 in Shields
 14348 | D:10     | Reached XP level 11. HP: 45/99 MP: 15/17
 14633 | D:10     | Noticed a two-headed ogre
 14642 | D:10     | Killed a two-headed ogre
 14642 | D:10     | Reached skill level 10 in Fighting
 15011 | D:10     | Noticed an unseen horror
 15023 | D:10     | Killed an unseen horror
 15208 | D:10     | Noticed a two-headed ogre
 15223 | D:10     | Killed a two-headed ogre
 15278 | D:10     | Found a radiant altar of Vehumet.
 15601 | Lair:1   | Entered Level 1 of the Lair of Beasts
 16287 | Lair:1   | Noticed Sonja
 16296 | Lair:1   | Killed Sonja
 16296 | Lair:1   | Reached skill level 11 in Shields
 16310 | Lair:1   | Slain by a spiny frog

Vault maps used:
D:1:      onia_arrival_handbag
D:2:      wad_orctagon
D:3:      gammafunk_temple_overflow_wave, cheibrodos_sewer_entry_bend,
          gammafunk_ghost_necromancy, serial_glass, glass_columns_c,
          glass_columns_b
D:4:      nicolae_dithmenos_the_darkroom, serial_undead, serial_undead_a,
          serial_undead_c, serial_undead_e, serial_undead_c, first_ration,
          uniq_blork_the_orc
D:6:      minivault_11
D:7:      lemuel_coloured_pillars_altar, minmay_temple_entry_wispy,
          serial_shops, shop, shop, nicolae_shop_statue_plus, shop_coins,
          nicolae_shop_behind_doors, grunt_livestock
D:9:      david_lair_generic, serial_bayou, serial_bayou_pond_c,
          serial_bayou_lake_a, serial_bayou_pond_e, serial_bayou_pond_d,
          serial_bayou_pond_a, ploomutoo_gammafunk_ghost_potion_laboratory,
          fedhas_altar_1
D:10:     lemuel_tele_altar
Lair:1:   serial_bayou_shore_a, infiniplex_staircase_pool, lemuel_fruit_fields,
          uniq_sonja
Sewer:    sewer_the_crocodile

Skill      XL: |  1  2  3  4  5  6  7  8  9 10 11 |
---------------+----------------------------------+-----
Armour         | 1 3 4 5 7 8 9 |  9.1
Fighting       | 4 5 6 7 8 9 10 | 10.5
Dodging        | 3 |  3.0
Axes           | 5 6 7 |  7.1
Shields        | 2 3 5 8 10 11 | 11.0
Invocations    | 3 6 8 9 |  9.1
Stealth        | |  1.5

Action                   |  1- 3 |  4- 6 |  7- 9 | 10-12 || total
-------------------------+-------+-------+-------+-------++-------
Melee: Hand axe          |   117 |   228 |   158 |       ||   503
       Unarmed           |       |    25 |       |       ||    25
       Dagger            |       |       |   286 |   350 ||   636
 Fire: Blowgun           |       |    13 |       |       ||    13
       Hunting sling     |       |    36 |    24 |    13 ||    73
Throw: Stone             |       |     1 |     1 |     4 ||     6
Invok: Convert to Beogh  |       |       |     1 |       ||     1
       Smiting           |       |       |       |     4 ||     4
 Abil: Evoke Berserk Rag |       |     1 |     3 |       ||     4
Evoke: Wand              |       |       |       |     6 ||     6
  Use: Scroll            |       |     3 |    11 |    11 ||    25
       Potion            |       |     2 |       |       ||     2
 Stab: Sleeping          |     1 |       |    13 |     5 ||    19
       Distracted        |       |       |     1 |       ||     1
       Paralysed         |       |       |       |    10 ||    10
       Confused          |       |       |       |     1 ||     1
  Eat: Chunk             |     3 |     7 |    15 |    10 ||    35
       Ration            |       |       |     2 |     4 ||     6
Armor: Robe              |     9 |       |       |       ||     9
       Ring mail         |    29 |       |       |       ||    29
       Chain mail        |     2 |   162 |    41 |       ||   205
       Leather armour    |       |       |    33 |    39 ||    72
Dodge: Dodged            |    66 |    94 |   133 |    91 ||   384
Block: Shield            |       |    28 |   211 |   157 ||   396

Table legend:
 A = Non-vault XP
 B = Vault XP
 C = Vault XP percentage of total XP
 D = Non-vault monster count
 E = Vault monster count
 F = Vault count percentage of total count
                 A         B        C        D         E       F
            +---------+---------+-------+---------+---------+-------
      Total |   11212 |    2697 |  19.4 |     214 |      36 |  14.4
            +---------+---------+-------+---------+---------+-------
        D:1 |      29 |       5 |  14.7 |      19 |       4 |  17.4
        D:2 |      69 |      12 |  14.8 |      14 |       4 |  22.2
        D:3 |      79 |     216 |  73.2 |      29 |       6 |  17.1
        D:4 |     535 |     209 |  28.1 |      24 |       8 |  25.0
        D:5 |     528 |       0 |   0.0 |      17 |       0 |   0.0
        D:6 |     451 |       0 |   0.0 |      15 |       0 |   0.0
        D:7 |     848 |     994 |  54.0 |      21 |       5 |  19.2
        D:8 |     709 |       0 |   0.0 |      23 |       0 |   0.0
        D:9 |    2448 |     300 |  10.9 |      31 |       2 |   6.1
       D:10 |    4538 |       0 |   0.0 |      13 |       0 |   0.0
     Lair:1 |     978 |     807 |  45.2 |       8 |       1 |  11.1
      Sewer |       0 |     154 | 100.0 |       0 |       6 | 100.0
            +---------+---------+-------+---------+---------+-------
